 Dungeon Crawl Stone Soup version 0.29-a0-973-gac7da5f7f0 (webtiles) character file.

Game seed: 14588644739014906574

492 gelatine the Chopper (level 6, -4/48 HPs)
             Began as a Demonspawn Gladiator on July 31, 2022.
             Was a Believer of Sif Muna.
             Slain by Blork the orc
             ... wielding a +0 battleaxe
              (9 damage)
             ... on level 5 of the Dungeon.
             The game lasted 00:14:30 (4851 turns).

gelatine the Chopper (Demonspawn Gladiator)         Turns: 4851, Time: 00:14:33

Health: -4/48      AC:  9    Str: 16    XL:     6   Next: 91%
Magic:  0/7        EV: 12    Int: 10    God:    Sif Muna [**....]
Gold:   223        SH:  0    Dex: 14    Spells: 4/7 levels left

rFire   . . .      SeeInvis .   a - +2 war axe (flame)
rCold   . . .      Faith    .   (no shield)
rNeg    . . .      Spirit   +   r - +3 leather armour {Will+}
rPois   .          Reflect  .   c - +0 helmet
rElec   .          Harm     .   j - +0 cloak
rCorr   .          Rampage  .   (no gloves)
Will    +....                   (no boots)
Stlth   ++........              d - amulet of guardian spirit
HPRegen 0.16/turn               (no ring)
MPRegen 0.10/turn               (no ring)

@: about to teleport
A: claws 1, rugged brown scales 1, demonic magic 1
a: Renounce Religion, Channel Magic


You were on level 5 of the Dungeon.
You worshipped Sif Muna.
Sif Muna was pleased with you.
You visited 1 branch of the dungeon, and saw 5 of its levels.
You also visited: Sewer.

You collected 223 gold pieces.

Inventory:

Hand Weapons
 a - a +2 war axe of flaming (weapon)
Armour
 c - a +0 helmet (worn)
 j - a +0 cloak (worn)
 q - the +0 leather armour "Olicres" {Fly}
   (You found it on level 3 of the Dungeon)

   Fly:       It grants you flight.
 r - a +3 leather armour of willpower (worn)
Jewellery
 d - an amulet of guardian spirit (around neck)
 e - a ring of willpower
Wands
 t - a wand of flame (18)
Scrolls
 f - a scroll of teleportation
 g - 2 scrolls of butterflies
 h - a scroll of identify
 p - a scroll of enchant weapon
Potions
 b - a potion of cancellation {unknown}
 i - a potion of ambrosia
 k - 2 potions of lignification
 l - 2 potions of brilliance
 m - 6 potions of flight
 n - 3 potions of mutation
 o - 2 potions of resistance {unknown}
 s - a potion of magic {unknown}


   Skills:
 + Level 3.0 Fighting
 + Level 4.9 Axes
 + Level 2.2 Throwing
 + Level 2.1 Armour
 + Level 3.4 Dodging
 + Level 1.5 Stealth
 * Level 1.2 Spellcasting
 * Level 0.5 Ice Magic
 + Level 2.0 Invocations


You had 4 spell levels left.
You knew the following spells:

 Your Spells              Type           Power      Damage    Failure   Level
a - Frozen Ramparts       Ice            2%         1d2       69%         3

Your spell library contained the following spells:

 Spells                   Type           Power      Damage    Failure   Level
 Ice Form                 Ice/Tmut       1%         N/A       98%         4
 Summon Ice Beast         Ice/Summ       1%         N/A       98%         4


Dungeon Overview and Level Annotations

Branches:
Dungeon (5/15)             Temple (0/1) D:5           Sewer (visited)

Altars:
Ashenzari
Fedhas
Kikubaaqudgha
Okawaru
Sif Muna

Annotations:
D:3 3 runed translucent doors, osoart's ghost, amateur DsNe
D:5 Blork the orc


Innate Abilities, Weirdness & Mutations

You have sharp fingernails.
You are partially covered in rugged brown scales. (AC +1, +3% HP)
Spells you cast may paralyse adjacent enemies.


Message History

m - 6 potions of flight (gained 1)
You open the door.
There is an open door here.
You open the door.
Blork the orc and a gnoll sergeant come into view. 2 gnoll sergeants come into view.
Found a glowing long sword.
There is an open door here.
Blork the orc casts a spell.
Blork the orc seems to speed up.
Blork the orc points at you and mumbles some strange words.
The puff of flame hits you.
You barely miss Blork the orc. You claw Blork the orc.
Blork the orc is moderately wounded.
Blork the orc gestures at you while chanting.
The puff of frost hits you.
Blork the orc hits you with a +0 battleaxe!
You barely miss Blork the orc.
Blork the orc is moderately wounded.
Blork the orc misses you.
You barely miss Blork the orc.
Blork the orc is moderately wounded.
Blork the orc hits you with a +0 battleaxe!
The gnoll sergeant completely misses you.
Blork the orc misses you.
You slash Blork the orc! You burn Blork the orc!
Blork the orc is almost dead.
Blork the orc misses you.
The gnoll sergeant hits you from afar with a +0 trident!
* * * LOW HITPOINT WARNING * * *
Blork the orc barely misses you.
The gnoll sergeant hits you from afar with a +0 trident!
* * * LOW HITPOINT WARNING * * *
As you read the scroll of teleportation, it crumbles to dust.
You feel strangely unstable.
Blork the orc hits you with a +0 battleaxe.
* * * LOW HITPOINT WARNING * * *
The gnoll sergeant barely misses you.
Blork the orc hits you with a +0 battleaxe!
You die...

#.#.#####.########
#.#...............
#.#######.######## #.
#.# ## # #.# #.##'###
#......# ###### .
##.....#
#####....##..
#...@o###........'...
#####.g.....#....####
#.......#....#
#.......#....#
#.......#....#
#.......######
#.......# #.......#
#.......#


You could see Blork the orc (fast) and a gnoll sergeant.

Vanquished Creatures
  A water moccasin (D:5)
  A phantom (D:4)
  A hound (D:5)
  A jelly (D:5)
  Jessica (D:3)
  An iguana (D:3)
  An orc wizard (D:5)
  A merfolk siren (Sewer)
  A merfolk avatar (Sewer)
  2 adders
  A river rat (Sewer)
  A worm (D:2)
  2 dart slugs (D:2)
  4 orcs
  5 bats
  7 endoplasms
  5 giant cockroaches
  6 goblins
  8 hobgoblins
  7 quokkas
  9 ball pythons
  8 frilled lizards
  6 kobolds
  25 rats
105 creatures vanquished.

Vanquished Creatures (others)
  A plant (D:1)
1 creature vanquished.

Grand Total: 106 creatures vanquished

Notes
Turn   | Place    | Note
-------+----------+-------------------------------------------
     0 | D:1      | gelatine the Demonspawn Gladiator began the quest for the
                  | Orb.
     0 | D:1      | Reached XP level 1. HP: 16/16 MP: 1/1
    53 | D:1      | Found a faded altar of an unknown god.
   216 | D:1      | Gained mutation: You are partially covered in rugged brown
                  | scales. (AC +1, +3% HP) [demonic ancestry]
   216 | D:1      | Reached XP level 2. HP: 16/22 MP: 2/2
   400 | D:1      | Reached skill level 3 in Axes
   889 | D:1      | You fall into a shaft and drop 1 floor!
   912 | D:2      | Gained mutation: You have sharp fingernails. [demonic
                  | ancestry]
   912 | D:2      | Reached XP level 3. HP: 24/27 MP: 3/3
  1465 | D:1      | Prayed at the altar of an unknown god.
  1465 | D:1      | Became a worshipper of Sif Muna the Loreminder
  1465 | D:1      | Reached * piety under Sif Muna
  1862 | D:3      | Identified the +0 leather armour "Olicres" {Fly}
  1879 | D:3      | Noticed Jessica
  1885 | D:3      | Reached skill level 1 in Armour
  1892 | D:3      | Found an iron altar of Okawaru.
  1897 | D:3      | Killed Jessica
  1898 | D:3      | Reached XP level 4. HP: 24/35 MP: 4/4
  2271 | D:3      | Found a glowing drain.
  2294 | Sewer    | Entered a sewer
  2514 | Sewer    | Reached ** piety under Sif Muna
  2520 | Sewer    | Reached skill level 4 in Axes
  2520 | Sewer    | Reached XP level 5. HP: 21/40 MP: 5/5
  3259 | D:3      | Found a runed translucent gate.
  3260 | D:3      | Found a runed translucent gate.
  3261 | D:3      | Found a runed translucent gate.
  3262 | D:3      | Identified the +2 ring mail "Ale Fant" {rC+ Dex+4}
  3262 | D:3      | Noticed osoart's ghost (amateur DsNe)
  3484 | D:3      | Found a blossoming altar of Fedhas.
  3651 | D:4      | Noticed a phantom
  3676 | D:4      | Killed a phantom
  3677 | D:4      | Reached skill level 1 in Stealth
  3677 | D:4      | Reached skill level 1 in Invocations
  3677 | D:4      | Gained mutation: Spells you cast may paralyse adjacent
                  | enemies. [demonic ancestry]
  3677 | D:4      | Reached XP level 6. HP: 28/47 MP: 4/6
  3840 | D:4      | Found a broken altar of Ashenzari.
  4418 | D:5      | Entered Level 5 of the Dungeon
  4534 | D:5      | Noticed a water moccasin
  4540 | D:5      | Killed a water moccasin
  4541 | D:5      | Reached skill level 1 in Spellcasting
  4546 | D:5      | Learned a level 3 spell: Frozen Ramparts
  4689 | D:5      | Found a staircase to the Ecumenical Temple.
  4727 | D:5      | Found an ancient bone altar of Kikubaaqudgha.
  4830 | D:5      | Noticed Blork the orc
  4851 | D:5      | Slain by Blork the orc

Illustrated notes

Levels and vault maps discovered:
D:1:      dpeg_arrival_ternary, layout_loops_ring,
          dreamdust_ecumenical_altar_grove, dreamdust_mushroom_princess,
          eino_curves_04, minmay_bisected
D:2:      layout_loops_ring
D:3:      layout_basic, fedhas_altar_1, okawaru_ov_weapons_minmay,
          biasface_ghost_orc_armoury, portal_sewer_entry_f, uniq_jessica
D:4:      layout_rooms, mainiacjoe_overflow_tiny_flanked
D:5:      layout_basic, general_overflow_altar, temple_pool_b, serial_shops,
          nicolae_square_shop, sword_in_stone

Skill      XL: |  1  2  3  4  5  6 |
---------------+-------------------+-----
Dodging        | 3 |  3.4
Axes           | 3 4 |  4.9
Throwing       | 2 |  2.2
Armour         | 1 2 |  2.1
Stealth        | 1 |  1.5
Invocations    | 1 2 |  2.0
Fighting       | 3 |  3.0
Spellcasting   | 1 |  1.2
Ice Magic      | |  0.5

Action                   |  1- 3 |  4- 6 || total
-------------------------+-------+-------++-------
Melee: War axe           |    83 |   193 ||   276
       Punch             |       |     2 ||     2
Throw: Throwing net      |     6 |     3 ||     9
       Javelin           |     1 |     1 ||     2
  Use: Scroll            |     5 |    11 ||    16
       Potion            |       |     1 ||     1
 Stab: Held in net/web   |     1 |     2 ||     3
       Sleeping          |     1 |     2 ||     3
Armor: Leather armour    |    43 |    52 ||    95
Dodge: Dodged            |    58 |   148 ||   206

Table legend: (Time is in decaauts)
 A = Elapsed time spent in this place.
 B = Non-inter-level travel time spent in this place.
 C = Inter-level travel time spent in this place.
 D = Time resting spent in this place.
 E = Time spent auto-exploring this place.
 F = Levels seen in this place.
 G = Mean time per level.
                   A        B        C        D        E       F      G
               +--------+--------+--------+--------+--------+-----+--------+
         Total |   4934 |   4833 |    101 |      0 |   3649 |   6 |  822.3 |
       Dungeon |   4184 |   4083 |    101 |      0 |   3233 |   5 |  836.8 |
         Sewer |    749 |    749 |      0 |      0 |    416 |   1 |  749.0 |
               +--------+--------+--------+--------+--------+-----+--------+

Top non-repeatable levels by time:
     D:3: 1089 daAuts
     D:1: 1059 daAuts
     D:2: 820 daAuts
     D:4: 776 daAuts
   Sewer: 749 daAuts
     D:5: 439 daAuts
